[Event "Tata Steel-A 80th"]
[Site "Wijk aan Zee"]
[Date "2018.01.28"]
[Round "13"]
[White "Mamedyarov, Shakhriyar"]
[Black "Anand, Viswanathan"]
[Result "1/2-1/2"]
[ECO "D37"]
[WhiteElo "2804"]
[BlackElo "2767"]
[Annotator "Fernandez,D"]
[PlyCount "132"]
[EventDate "2018.01.13"]
[EventType "tourn"]
[EventRounds "13"]
[EventCountry "NED"]
[EventCategory "20"]
[SourceTitle "CBM 183"]
[Source "ChessBase"]
[SourceDate "2018.03.14"]
[SourceVersion "1"]
[SourceVersionDate "2018.03.14"]
[SourceQuality "1"]
[TimeControl "40/6000+30:20/3000+30:900+30"]

1. d4 Nf6 2. c4 e6 3. Nf3 d5 4. Nc3 Be7 5. Bf4 O-O 6. e3 c5 {[%emt 0:00:06] Black is fine to take a bit of risk, knowing that
White will probably not want to do the same.} 7. dxc5 Bxc5 8. Qc2 Nc6 9. Rd1 (9. a3 {is slightly more popular.} Qa5 10. O-O-O (10. Ra2 $5 {was the
move chosen in a recent, random game.} Be7 11. b4 Qd8 12. h3 b6 (12... d4 $1
$11) 13. cxd5 exd5 14. Be2 Be6 15. Ng5 Rc8 $6 16. Nxe6 fxe6 17. Ba6 $14 {
Topalov,V-Nakamura,H Saint Louis 2017}) (10. Nd2 Bb4 $5 11. cxd5 exd5 12. Nb3
Bxc3+ 13. bxc3 Qd8 $132 {Topalov,V-Nakamura,H Paris 2017, could have been a
decent try for an edge, notwithstanding that it ultimately failed}) 10... Ne4
$5 11. Nb5 (11. Nxe4 {leads to a long forced line:} dxe4 12. Qxe4 Bxa3 13. bxa3
Qxa3+ 14. Kd2 Rd8+ 15. Ke2 Qb2+ 16. Rd2 Rxd2+ 17. Nxd2 e5 18. Bg3 Bg4+ $3 19.
f3 (19. Qxg4 Rd8 20. Kf3 Qxd2 21. Bh4 f5 22. Qg5 Rd4 $1 $11 {with perpetual
check soon}) 19... Rd8 20. Be1 Bh5 $13 {The mess continues, and White has a
few moves now, but I don't think there will be any way found for him to keep
an edge.}) 11... a6 12. Nc7 e5 $1 {Not a new idea from Karjakin, merely an old
one which had been forgotten.} 13. Rxd5 $1 (13. Nxd5 Nxf2 $1 (13... exf4 14.
Qxe4 fxe3 15. fxe3 h6 16. Nd4 $16 {Ivanchuk,V-Karjakin, S Medias 2017}) 14. Ng5
$1 (14. Qxf2 exf4 15. Nxf4 b5 $40) 14... Bf5 $1 15. Qxf2 (15. Qxf5 g6 $17)
15... f6 16. Nh3 exf4 17. Nhxf4 Ne5 $44 {Black has full compensation for the
pawn.}) 13... exf4 (13... Nxf2 14. Qxf2 Qxc7 15. Nxe5 Nxe5 16. Bxe5 Qc6 17. Bd4
$1 $14) (13... f5 $2 14. Rxe5 Nxe5 15. Bxe5 Ra7 16. Nd5 $16 {Kasparov,
G-Vaganian,R Debrecen 1992}) 14. Qxe4 Qxc7 15. Rxc5 fxe3 16. Bd3 $5 (16. Qxe3
b6 17. Rh5 Bg4 18. Rg5 Rfe8 $1 $11) 16... g6 17. Qxe3 b6 18. Rg5 (18. Rh5 Bg4
19. Rh4 Bxf3 20. gxf3 Ne5 $132) 18... Na5 $13 {From a brief investigation it
doesn't seem like White has a convincing follow-up here, though there are, as
usual, many complicated lines ending in perpetual check.}) 9... Qa5 10. a3 Re8 {[%emt 0:00:34] Treading another of the
hallowed paths of chess history.} (10... Be7 {is more common now, and then} 11.
Be2 {has a huge score for White; indeed I suspect White is probably slightly
better following} Ne4 12. cxd5 Nxc3 13. bxc3 exd5 14. O-O Be6 15. a4 $14 {
Mamedyarov,S-Graf,A Sant Lluis 2005, played by the same White player as the
present encounter.}) 11. Nd2 (11. Be2 e5 $15 {is the point.})
11... e5 12. Bg5 Nd4 13. Qb1 (13. Qc1 Bf5 {is liable to lead to a forced draw; two of the
world's top players chose this route recently.} 14. Bxf6 Nc2+ 15. Ke2 Nd4+ $11
{Carlsen,M-Nakamura,H Douglas 2017} (15... gxf6 $6 {gets neutralised
effortlessly:} 16. Nxd5 Qa6 17. g4 $1 Bg6 18. Bg2 $16)) 13... Bf5 14. Bd3 Bxd3 (14... e4 $6 {is well met
by} 15. Bf1 $1 {giving up a queen for three pieces.} (15. Bc2 {was
nevertheless enough for a slight edge in one of the classics.} Nxc2+ 16. Qxc2
Qa6 17. Bxf6 Qxf6 18. Nb3 $14 {Kortschnoj,V-Karpov,A Baguio City 1978}) 15...
Ng4 16. cxd5 $1 Ne5 17. exd4 Nf3+ 18. gxf3 exf3+ 19. Be3 Bxb1 20. Nc4 $1 Qc7
21. dxc5 $16) 15. Qxd3 Ne4 16. Ndxe4 {
[%emt 0:00:07] Maybe not the most precise, but safe enough.} (16. cxd5 Nxc3 17.
Qxc3 Qxc3 18. bxc3 Nc2+ 19. Ke2 f6 20. Bh4 Nxa3 21. Ne4 Rac8 $11) (16. Ncxe4
dxe4 17. Qxe4 $14 {seems to me to get an advantage.}) 16... dxe4 17. Qd2 Ne6 18. Bh4 (
18. Nxe4 Qxd2+ 19. Rxd2 f5 20. Nxc5 Nxc5 $13 {leads to an imbalance and likely
quite a good one for Black, who is likely to recover the c4-pawn quite soon.})
18... Qa6 19. Qe2 Rac8 20.
O-O Bf8 21. Qg4 Qxc4 (21... Rxc4 $11 {equalised more reliably.}) 22. Nxe4 Kh8 23. h3 Nc5 24.
Nxc5 Qxg4 25. hxg4 Rxc5 26. Rd7 {[%emt 0:00:14] Now White could potentially have a
small something again.} Rb5 27. b4 f6 28. g5 fxg5 29. Bxg5 a5 30. Rfd1 Kg8 31. Bd8 axb4 32. a4 Rc5 33. Rxb7 Rc8 34. Ba5 Rc4 35. Rd5 b3 (35... Re6 $11 {is a hard move to make perhaps, but it gets Black some
badly needed counterplay. For instance:} 36. Rb8 Rc1+ 37. Kh2 Rh6+ 38. Kg3 Rg6+
39. Kf3 Rf6+ 40. Ke4 Rxf2 41. Kxe5 Rc4 $132) 36. Rxb3 Rxa4 37. Bc3 e4 38. Rb7 Ra6 39. Rdd7 $14 {[%emt 0:06:17] The position looks
threatening, but it is not clear to me how White makes progress, and
apparently it was not clear to Mamedyarov either. There are little things to
try, but they end up being neutralised.} Rg6 40. g3 Rc8 41. Bd4 Re8 42.
Kg2 Rc8 43. Kh3 Re8 44. Rf7 Rc8 45. Rf4 Re8 46. Bc3 (46. Rg4 Rxg4 47. Kxg4 g6
{is still very passive for Black, but this is probably a draw even without the
rooks and e-pawn.}) 46... Rge6 47. Rff7 Rg6 48. Rfc7 Rd8 49. Kg2 Re8 50. Kf1 Rd8 51. Ke2 Re8 52. Kd1 Rg5 53. Kc2 Rf5 54. Bxg7 Bd6 55. Rd7 Rxf2+ 56. Kb3 Bxg3 57. Bd4 Be5 58. Bxe5 Rxe5 {[%emt 0:00:08] Soon White
will run out of little things to try and the +/= will collapse to =.} 59. Rg7+ Kf8 60. Rxh7 Kg8 61. Kc4 Rg2 62. Rhe7 Rxe7 63. Rxe7 Kf8 64. Rxe4 Rg5 65. Kd4 Kf7 66. Re5 Rg1 1/2-1/2

[Event "Tata Steel-A 80th"]
[Site "Wijk aan Zee"]
[Date "2018.01.28"]
[Round "13"]
[White "Matlakov, Maxim"]
[Black "Jones, Gawain C B"]
[Result "1/2-1/2"]
[ECO "E65"]
[WhiteElo "2718"]
[BlackElo "2640"]
[PlyCount "115"]
[EventDate "2018.01.13"]
[EventType "tourn"]
[EventRounds "13"]
[EventCountry "NED"]
[EventCategory "20"]
[SourceTitle "CBM 183"]
[Source "ChessBase"]
[SourceDate "2018.03.14"]
[SourceVersion "1"]
[SourceVersionDate "2018.03.14"]
[SourceQuality "1"]
[TimeControl "40/6000+30:20/3000+30:900+30"]

1. d4 Nf6 2. Nf3 g6 3. g3 Bg7 4. Bg2 O-O 5. O-O d6 6. c4 c5 7. Nc3 Nc6 8. dxc5 dxc5 9. Bf4 Nd4 10. Re1 Re8 11. Rc1 Ng4 12. h3 e5 13.
Bg5 Nxf3+ 14. exf3 Qxg5 15. fxg4 Qe7 16. Qa4 Bd7 17. Qa3 Bc6 18. Nd5 Bxd5 19.
cxd5 Bf8 20. d6 Qxd6 21. Bxb7 Rab8 22. Be4 Red8 23. Rc2 Rb4 24. Qf3 Rd4 25. Kg2 a5 26. h4 a4 27. Re3 Qa6 28.
g5 Rd1 29. Rce2 Qc4 30. b3 Qc1 31. Kh2 axb3 32. Rxb3 c4 33.
Rb7 R1d7 34. Reb2 Qd1 35. Rxd7 Rxd7 36. Qf6 Qe1 37. Qf3 c3 38. Re2 Qd1 39. Bc2 Qd4 40. Bb3 Rc7 41. Kg2 Qd7 42. Bc2 Rc5 43. Re3 Qc7 44. Qe4 Qa7 45. Bb3 Rc7 46. h5 Qd4 47. Qc2 Kg7 48.
Qe2 Qc5 49. Bc2 Qd5+ 50. Kh2 e4 51. Qg4 Rc5 52. h6+ Kg8 53.
Rxe4 Qxg5 54. Qxg5 Rxg5 55. Re8 Rh5+ 56. Kg2 Rxh6 57. Rc8 Rh5 58. Rxc3 1/2-1/2

[Event "Tata Steel-A 80th"]
[Site "Wijk aan Zee"]
[Date "2018.01.28"]
[Round "13"]
[White "So, Wesley"]
[Black "Hou, Yifan"]
[Result "1-0"]
[ECO "E01"]
[WhiteElo "2792"]
[BlackElo "2680"]
[Annotator "Fernandez,D"]
[PlyCount "59"]
[EventDate "2018.01.13"]
[EventType "tourn"]
[EventRounds "13"]
[EventCountry "NED"]
[EventCategory "20"]
[SourceTitle "CBM 183"]
[Source "ChessBase"]
[SourceDate "2018.03.14"]
[SourceVersion "1"]
[SourceVersionDate "2018.03.14"]
[SourceQuality "1"]
[TimeControl "40/6000+30:20/3000+30:900+30"]

1. c4 e6 2. g3 d5 3. Bg2 Nf6 4. d4 Bb4+ 5. Bd2 Bd6 (5... Be7 {
is far more common. It has a few advantages over the text- for instance,
covering the h4-d8 diagonal; avoiding c5 with tempo, and keeping d5 better
covered.} 6. Nf3 (6. Nc3 O-O 7. Nf3 dxc4 {has scored extremely well for Black})
6... O-O 7. O-O Nbd7 {We have obtained a standard 'delayed Catalan', as seen
for instance in Karjakin-Wei from this event.}) 6. Nc3 {[%emt 0:04:15] Trying
to make Black take on c4 or play ...c6, neither of which is particularly
favourable.} O-O (6... c6 7. e4 dxe4 8. Nxe4 Nxe4 9. Bxe4 Nd7
10. Nf3 Nf6 11. Bc2 $14 {Vallejo Pons,F-Quesada Perez,Y Monzon 2016}) (6...
dxc4 {might nevertheless be the best move.} 7. Qa4+ (7. e4 e5 $132) 7... Nbd7 (
7... Nc6 $6 8. Bxc6+ bxc6 9. Qxc6+ Bd7 10. Qxc4 Qb8 11. b3 Qb7 12. Nf3 Bc6 $6
13. O-O Bxf3 14. exf3 Qxf3 15. d5 $16 {Donchenko, A-Bartel,M Gjakova 2016}) 8.
Qxc4 a6 $1 $132 {According to what I can see, this position has never been
viewed, let alone played, but a preliminary investigation indicates Black is
probably okay playing the standard ...Rb8, ... 0-0 and then whichever of ...b5,
...e5 and ...c5 best suits the position.} ({Meanwhile} 8... O-O 9. Nb5 $14 {
is arguably another disadvantage of ...Bd6})) 7. cxd5 {[%emt 0:01:32] If this
forcing approach works, there is no need to analyse anything else.} (7. e4 {
might be another move, as in the Vallejo game above, but here Black can
eventually play ...c5 in one.}) 7... exd5 8. Nxd5 Nxd5 9. Bxd5 Bxg3 10.
Qb3 Bd6 (10... c6 11. Bxf7+ Rxf7 12. hxg3
Qxd4 13. Nf3 Qb6 14. Qxb6 axb6 15. Ng5 $16) 11. Nf3 c6 (11... Nd7 {After the precise} 12. Rg1 $1 {Black has an
interesting choice to make.} Nf6 (12... Nb6 $5 13. Bh6 g6 14. Bxf8 Qxf8 $44 {
is not stupid either}) 13. Bc4 (13. Bh6 Ng4 14. Bg5 Be7 $11) 13... Bf5 14.
O-O-O (14. Ne5 Bxe5 15. dxe5 Ne4 16. Bh6 Qh4 $1 $132) 14... Qe7 $132 {White's
attacking chances are not insignificant, but Black has completed development
and should be fine.}) 12. Bc4 Bf5 $6 {[%emt 0:13:41] Between
them the last two moves deserve one 'dubious' mark, and I have decided to
award it here.} (12... Nd7 13. Rg1 Nb6 {was once again worth considering,
since White runs into some tactical issues down the road if he takes the
exchange.}) 13. Ng5 Qe7 14. Qf3 (14. O-O-O h6 15. e4 $40 {is revealed to be really problematic after some
deep engine analysis, but the text is more natural.}) 14... Bg6 15. h4 Bb4 (15... h5 16. Bd3 Bxd3 17. Qxd3
g6 18. O-O-O Nd7 19. e4 $40) 16. O-O-O Bxd2+ 17. Rxd2 h5 (17... h6 18. h5 Qxg5 19. hxg6
Qxg6 20. Rdd1 $40 {is really difficult to believe for Black.}) (17... Nd7 18.
h5 Qxg5 19. hxg6 Qxg6 {could have been a bail-out option: the engine
recommendation is} 20. Qh3 {but there could follow} (20. Rdd1 $5) 20... Nf6 21.
Bd3 Qh6 {and Black has reached an endgame.}) 18. Rg1 {[%emt 0:09:39] The
position is now basically objectively winning in a number of ways.} (18. Qg3 $5
{is a slightly cunning move, cuing up Ne6 (the text does not do this, because
of the x-ray attack from the f8-rook.)}) 18... Nd7 19. Qg3 Nb6 20. Bb3 Qf6 (20... Nd5 21. e4 {does not really do anything to interfere with the
threat of Nxf7.}) 21. e4 Rae8 22. e5 Qf5 23. Bc2 Qg4 24. Bxg6 Qxg3 (24... fxg6 25. Qb3+ $18 {
is of course the point.}) 25. Bh7+ Kh8 26.
Rxg3 f6 27. Bg6 fxg5 28. Bxe8 gxh4 29. Rg5 Rxe8 30. Rxh5+ {[%emt 0:00:16] It is
pointless to go on.} 1-0

[Event "Tata Steel-A 80th"]
[Site "Wijk aan Zee"]
[Date "2018.01.28"]
[Round "13"]
[White "Wei, Yi"]
[Black "Giri, Anish"]
[Result "1/2-1/2"]
[ECO "A17"]
[WhiteElo "2743"]
[BlackElo "2752"]
[Annotator "Fernandez,D"]
[PlyCount "42"]
[EventDate "2018.01.13"]
[EventType "tourn"]
[EventRounds "13"]
[EventCountry "NED"]
[EventCategory "20"]
[SourceTitle "CBM 183"]
[Source "ChessBase"]
[SourceDate "2018.03.14"]
[SourceVersion "1"]
[SourceVersionDate "2018.03.14"]
[SourceQuality "1"]
[TimeControl "40/6000+30:20/3000+30:900+30"]

1. Nf3 d5 2. e3 Nf6 3. c4 e6 4. Nc3 {[%emt 0:00:
11] Probably trying for some clever move-order trick in a Meran.} b6 (4... a6 5. b3 Bd6 6. Bb2 O-O 7. g4 $5 $132 {Nepomniachtchi,I-Anand,V
London 2017, was an experimental continuation.}) (4... Bb4 $5 {has an equally
'interesting' flavour:} 5. a3 (5. Qa4+ Nc6 6. Nd4 a5 $132) 5... Bxc3 6. bxc3
O-O 7. Bb2 $5 {Trying to open the long diagonal quickly, but Black has a
gambit idea.} (7. d4 c5 {Via a circuituous route, we have reached a main line
Sдmisch position.}) 7... c5 8. cxd5 exd5 9. c4 d4 $5 $132) (4... c5 {is of
course fine, when White's main independent continuation could be the attempt
to force an IQP position with} 5. cxd5 {. However, Black is under no
obligation to accept this and can continue} Nxd5 $5 6. d4 cxd4 7. exd4 Nxc3 8.
bxc3 Qc7 9. Bd2 Nd7 $132 {Aronian,L-Carlsen,M London 2015}) 5. b3 Bb7 6. Bb2 Nbd7 7. g3
$5 {[%emt 0:11:42] Ducking d4 at any cost.} Bd6 (7... dxc4 {
seems logical to try and punish White's omission. For instance,} 8. Bxc4 (8.
bxc4 e5 9. Bg2 e4 $36) 8... a6 9. O-O (9. a4 Bb4 $11 {is also very comfortable}
) 9... b5 10. Be2 Be7 $11) 8. Bg2 O-O 9. O-O Re8 10. Rc1 a6 11. Qe2 dxc4 (11... c5 $6 {was
correctly avoided:} 12. cxd5 exd5 (12... Nxd5 13. Nxd5 exd5 14. d4 {is similar}
) 13. d4 {Black does not have a good version of the hanging pawns position.})
12. bxc4 b5 $5 {[%emt 0:02:34] Liquidating.} (12... c5 13. Ng5
Bxg2 14. Kxg2 {leads to a position reminiscent of the 6.b3 Catalan discussed
yesterday; both sides have glaring backward pawns but White is probably
slightly more comfortable unless Black hurries to get pieces off with (say)}
Be5 $1 15. f4 Bxc3 16. Bxc3 e5 $11) 13. cxb5 axb5 14. Nxb5 Rxa2 15. d4 ({
It is a running joke in my circle that whenever possible, I will suggest moves
like} 15. Bxf6 {to try and exploit, after a further 50 moves, some perceived
superiority of White's compact structure. This may or may not be present, but
on objective grounds the move deserves consideration. Play could continue} Nxf6
16. Nfd4 Bxg2 17. Kxg2 Ne4 18. Rfd1 $11 {when White has the 'threat' of Nc3,
exchanging off more pieces and thus getting closer to the ideal RB v RN
position, where in theory the backward c-pawn could become a factor.}) 15...
Qb8 16. Ra1 Rxa1 17. Rxa1 Bf8 18. Nc3 c5 19. Rb1 {[%emt 0:02:34] Maybe a slightly slack move.} (19. Qb5 cxd4 20.
Nxd4 Bxg2 21. Kxg2 $11) 19... cxd4 20. Nxd4 Bxg2 21. Kxg2 Qa8+ (21...
Rc8 {created a threat and would not have been a totally unreasonable move to
play on with.} 22. Ba1 Qa8+ 23. Qf3 Qa3 24. Ndb5 Qa6 $11 {and while the
position is objectively level, White's pieces are a little bit tangled up and
a bit less active.}) 1/2-1/2